 Dungeon Crawl Stone Soup version 0.31-a0-1626-g5cb510d322 (webtiles) character file.

Game seed: 15128868343214155490

93 Killmatronix the Caller (level 4, -3/36 HPs)
             Began as a Minotaur Summoner on Jan 12, 2024.
             Slain by a +11 hand axe "Ilourcho" {spect, Str+6 Dex-5} (9 damage)
             ... created by an orc
             ... on level 3 of the Dungeon.
             The game lasted 00:11:45 (2808 turns).

Killmatronix the Caller (Minotaur Summoner)         Turns: 2808, Time: 00:11:45

Health: -3/36      AC:  2    Str: 13    XL:     4   Next: 37%
Magic:  6/6        EV: 12    Int: 14    God:
Gold:   120        SH:  0    Dex: 10    Spells: 2/7 levels left

rFire   . . .        a - +2 long sword (elec)
rCold   . . .        (no shield)
rNeg    . . .        c - +0 robe
rPois   +            (helmet restricted)
rElec   .            (no cloak)
rCorr   .            (no gloves)
SInv    +            (no boots)
Will    .....        (no amulet)
Stlth   ++           h - ring of see invisible
HPRegen 0.26/turn    o - ring of poison resistance
MPRegen 0.10/turn

%: no passive effects
@: no status effects
A: horns 2, retaliatory headbutt
a: no special abilities


You were on level 3 of the Dungeon.
You visited 1 branch of the dungeon, and saw 3 of its levels.

You collected 120 gold pieces.

Inventory:

Hand Weapons
 a - a +2 long sword of electrocution (weapon)
 g - a +0 spear
 s - the +3 short sword of Xom's Displeasure {heavy, *Noise rF+ Str+5 Int+3}
   (You found it on level 3 of the Dungeon)

   Str+5:     It affects your strength (+5).
   Int+3:     It affects your intelligence (+3).
   rF+:       It protects you from fire.
   *Noise:    It may make a loud noise when swung.
Armour
 c - a +0 robe (worn)
Jewellery
 h - a ring of see invisible (left hand)
 m - a ring of resist corrosion
 o - a ring of poison resistance (right hand)
 p - a ring of fire
 t - a ring of fire
Scrolls
 d - a scroll of fear {unknown}
 e - a scroll of amnesia {unknown}
 f - 2 scrolls of identify {unknown}
 l - a scroll of teleportation {unknown}
 r - a scroll of vulnerability {unknown}
Potions
 b - a potion of magic
 i - a potion of attraction {unknown}
 j - a potion of curing {unknown}
 k - 2 potions of degeneration {unknown}
 n - a potion of brilliance {unknown}
 q - 2 potions of experience {unknown}


   Skills:
 + Level 2.1 Fighting
 - Level 2.1 Dodging
 - Level 1.5 Stealth
 + Level 2.0 Spellcasting
 * Level 3.7 Summonings
 * Level 0.1 Air Magic


You had 2 spell levels left.
You knew the following spells:

 Your Spells              Type           Power      Damage    Failure   Level
a - Summon Lightning Spi  Summ/Air       6%         N/A       71%         4
z - Summon Small Mammal   Summ           48%        N/A       4%          1

Your spell library contained the following spells:

 Spells                   Type           Power      Damage    Failure   Level
 Call Imp                 Summ           24%        N/A       8%          2
 Call Canine Familiar     Summ           12%        N/A       16%         3
 Volatile Blastmotes      Fire/Tloc      2%         2d10      56%         3
 Summon Blazeheart Golem  Fire/Summ      6%         N/A       73%         4
 Fulminant Prism          Conj/Alch      0%         3d5       93%         4
 Iskenderun's Mystic Bla  Conj/Tloc      1%         2d3       93%         4


Dungeon Overview and Level Annotations

Branches:
Dungeon (3/15)

Altars:

Annotations:
D:3 exclusion: bombardier beetle, Terence


Innate Abilities, Weirdness & Mutations

You have a pair of horns on your head.
You reflexively headbutt those who attack you in melee.


Message History

Unknown command.
Unknown command.
Unknown command.
An orc comes into view. It is wielding a +0 quarterstaff.
The orc moves out of view.
The orc shouts!
A kobold comes into view.
It is wielding a +0 whip and quivering poisoned darts.
The orc barely misses you.
You barely miss the orc.
The orc hits you with a +0 quarterstaff!
The orc hits you with a +0 quarterstaff.
You completely miss the orc.
Your rat bites the orc.
The orc hits you with a +0 quarterstaff.
You closely miss the orc. You headbutt the orc.
The orc is almost dead.
Your rat barely misses the orc.
The orc closely misses you.
Your rat bites the orc.
The orc dies!
You swap places.
The kobold shouts!
You miss the kobold. The kobold closely misses you.
The kobold hits you but does no damage.
You hit the kobold.
You kill the kobold!
No target in view!
An orc comes into view.
It is wielding the +11 hand axe "Ilourcho" {spect, Str+6 Dex-5}.
You swap places.
Found a whip.
The orc hits your rat with the +11 hand axe "Ilourcho" {spect, Str+6 Dex-5}.
Your rat dies!
Your rat's corpse disappears in a puff of smoke!
You see here a +0 quarterstaff.
The orc hits you with the +11 hand axe "Ilourcho" {spect, Str+6 Dex-5}.
The +11 hand axe "Ilourcho" {spect, Str+6 Dex-5} hits you!
* * * LOW HITPOINT WARNING * * *
A +11 hand axe "Ilourcho" {spect, Str+6 Dex-5} comes into view.
You are too injured to fight recklessly!
You swap places.
The +11 hand axe "Ilourcho" {spect, Str+6 Dex-5} hits you!
You die...

.# #.. .# .. .# .# ..
### .## . .# # .##..
.. .) .# #...#.##.##.#
.# #.#.#.#..... .#
#.).#.#ยง.. .#
#.#.#.#(###.# .#
#.....@ro..#
.############.######.#
.....................
#############.##.###.
#.# # ..# ## ###
.##### .#...#


You could see a +11 hand axe "Ilourcho" {spect, Str+6 Dex-5}, an orc (ally
target) and a friendly rat (summoned).

Vanquished Creatures
  3 adders
  2 orcs (D:2)
  6 ball pythons
  4 endoplasms
  4 giant cockroaches
  4 goblins
  5 hobgoblins
  10 jackals
  2 kobolds
  6 bats
  A frilled lizard (D:3)
  2 rats
49 creatures vanquished.

Vanquished Creatures (collateral kills)
  2 orcs
  An endoplasm (D:1)
  A jackal (D:2)
4 creatures vanquished.

Grand Total: 53 creatures vanquished

Notes
Turn   | Place    | Note
-------+----------+-------------------------------------------
     0 | D:1      | Killmatronix the Minotaur Summoner began the quest for the
                  | Orb.
     0 | D:1      | Reached XP level 1. HP: 14/14 MP: 1/1
    27 | D:1      | Reached skill level 3 in Summonings
   115 | D:1      | Reached XP level 2. HP: 22/22 MP: 3/3
   275 | D:1      | Reached skill level 1 in Fighting
   729 | D:1      | Reached XP level 3. HP: 28/28 MP: 4/4
   882 | D:2      | Noticed a great orb of eyes
  1115 | D:2      | Noticed a golden eye
  1117 | D:2      | Found a faded altar of an unknown god.
  1120 | D:2      | Noticed a glass eye
  1120 | D:2      | Noticed a golden eye
  1747 | D:2      | Reached XP level 4. HP: 26/36 MP: 5/5
  1823 | D:2      | Found a faded altar of an unknown god.
  2431 | D:3      | Noticed Terence
  2613 | D:3      | Learned a level 4 spell: Summon Lightning Spire
  2653 | D:3      | Identified the +3 short sword of Xom's Displeasure {heavy,
                  | *Noise rF+ Str+5 Int+3}
  2803 | D:3      | Identified the +11 hand axe "Ilourcho" {spect, Str+6 Dex-5}
  2808 | D:3      | Slain by a +11 hand axe "Ilourcho" {spect, Str+6 Dex-5}

Illustrated notes

Levels and vault maps discovered:
D:1:      dpeg_arrival_tiny_h, layout_basic, st_stairs_2
D:2:      layout_basic, hellmonk_ecumenical_altar_watching_god
D:3:      layout_basic, uniq_grinder, uniq_terence

Skill      XL: |  1  2  3  4 |
---------------+-------------+-----
Summonings     | 3 |  3.7
Fighting       | 1 2 |  2.1
Spellcasting   | 2 |  2.0
Dodging        | |  2.1
Stealth        | |  1.5
Air Magic      | |  0.1

Action                     |  1- 3 |  4- 6 || total
---------------------------+-------+-------++-------
  Melee: Spear             |    32 |       ||    32
         Long sword        |    49 |    20 ||    69
         Headbutt          |     9 |     3 ||    12
         Punch             |       |     1 ||     1
   Cast: Summon Small Mamm |    10 |     2 ||    12
   Stab: Sleeping          |     5 |       ||     5
 Armour: Robe              |    40 |    14 ||    54
  Dodge: Dodged            |    60 |    21 ||    81

Table legend: (Time is in decaauts)
 A = Elapsed time spent in this place.
 B = Non-inter-level travel time spent in this place.
 C = Inter-level travel time spent in this place.
 D = Time resting spent in this place.
 E = Time spent auto-exploring this place.
 F = Levels seen in this place.
 G = Mean time per level.
                   A        B        C        D        E       F      G
               +--------+--------+--------+--------+--------+-----+--------+
         Total |   2835 |   2762 |     73 |      0 |   2377 |   3 |  945.0 |
       Dungeon |   2835 |   2762 |     73 |      0 |   2377 |   3 |  945.0 |
               +--------+--------+--------+--------+--------+-----+--------+

Top non-repeatable levels by time:
     D:2: 1696 daAuts
     D:1: 775 daAuts
     D:3: 362 daAuts
